 Dungeon Crawl Stone Soup version 0.21.1-1-g345015f (webtiles) character file.

2109 twistedcrescendo the Cleaver (level 9, -6/78 HPs)
             Began as a Minotaur Chaos Knight on June 17, 2018.
             Killed by divine providence
             ... invoked by an orc priest
              (13 damage)
             ... on level 7 of the Dungeon on June 18, 2018.
             The game lasted 01:05:44 (6940 turns).

twistedcrescendo the Cleaver (MiCK)                 Turns: 6940, Time: 01:05:44

Health: -6/78      AC:  9    Str: 19    XL:     9   Next: 7%
Magic:  0/8        EV: 13    Int: 11    God:    Xom [......]
Gold:   385        SH:  0    Dex: 11    Spells: 8/8 levels left

rFire    . . .     SeeInvis .   v - +0 war axe
rCold    . . .     Gourm    .   (no shield)
rNeg     . . .     Faith    .   b - +3 leather armour
rPois    .         Spirit   +   (helmet restricted)
rElec    .         Reflect  .   q - +0 cloak
rCorr    .         Harm     .   r - +0 pair of gloves (curse)
MR       .....     Clarity  +   (no boots)
Stlth    +.........             z - amulet of guardian spirit
HPRegen  0.23/turn              (no ring)
MPRegen  0.11/turn              (no ring)

@: no status effects
A: retaliatory headbutt, horns 2, clarity, clever 1, screaming 1
a: Renounce Religion


You were on level 7 of the Dungeon.
You worshipped Xom.
You were a very special plaything of Xom.
You were not hungry.

You visited 1 branch of the dungeon, and saw 7 of its levels.

You collected 385 gold pieces.

Inventory:

Hand Weapons
 a - a +0 hand axe of chaos
 v - a +0 war axe (weapon)
 B - a +2 whip of freezing
 J - a +0 short sword of venom
Missiles
 e - a throwing net (quivered)
 C - 13 poisoned needles
 D - 6 curare-tipped needles
 G - 3 needles of frenzy
Armour
 b - a +3 leather armour (worn)
 q - a +0 cloak (worn)
 r - a cursed +0 pair of gloves (worn)
Jewellery
 z - an amulet of guardian spirit (around neck)
Wands
 y - a wand of paralysis (10)
Scrolls
 g - 3 scrolls of amnesia
 h - 4 scrolls of fear
 i - 3 scrolls of magic mapping
 j - 6 scrolls of teleportation
 k - 2 scrolls of fog {unknown}
 l - a scroll of identify
 o - 3 scrolls of enchant armour
 p - a scroll of immolation {unknown}
 w - a scroll of remove curse
 A - a scroll of blinking {unknown}
Potions
 f - a potion of agility
 m - 3 potions of curing
 n - 3 potions of brilliance
 s - a potion of lignification
 x - 2 potions of flight
 F - a potion of resistance {unknown}
 H - a potion of heal wounds {unknown}
Books
 u - a book of Minor Magic

   Spells                             Type                      Level
   a - Magic Dart                     Conjuration                  1
   b - Blink                          Translocation                2
   c - Call Imp                       Summoning                    2
   d - Slow                           Hexes                        2
   e - Conjure Flame                  Conjuration/Fire             3
   f - Mephitic Cloud                 Conjuration/Poison/Air       3
Comestibles
 c - 12 rations
 I - 9 chunks of flesh


   Skills:
 + Level 6.5 Fighting
 + Level 9.6 Axes
 * Level 6.2 Throwing
 + Level 4.8 Armour
 + Level 3.5 Dodging
 - Level 0.7 Stealth
 + Level 0.3 Evocations


You had 8 spell levels left.
You didn't know any spells.

Dungeon Overview and Level Annotations

Branches:
Dungeon (7/15)             Temple (0/1) D:7

Altars:
Ashenzari
Fedhas
Nemelex Xobeh
Qazlal
Ru
Sif Muna
Wu Jian
Yredelemnul

Annotations:
D:7 exclusion: electric eel


Innate Abilities, Weirdness & Mutations

You reflexively headbutt those who attack you in melee.
You have a pair of horns on your head.
You possess an exceptional clarity of mind.
Your mind is acute. (Int +2)
You occasionally shout uncontrollably at your foes.


Message History

It was a potion of ambrosia.
You are confused.
You feel invigorated.
It was a potion of mutation.
You feel extremely strange.
You feel the urge to shout.
You feel clever.
Your thoughts seem clearer.
You're too confused!
You feel less invigorated.
You feel less confused.
The orc warrior zaps a wand.
The puff of flame hits you!
The orc warrior hits you with a halberd!
* * * LOW HITPOINT WARNING * * *
Xom is mildly amused.
You slash the orc warrior!
The orc warrior is heavily wounded.
The orc warrior zaps a wand.
The puff of flame hits you!
* * * LOW HITPOINT WARNING * * *
The orc priest invokes the aid of Beogh against you.
Beogh smites you!
You die...
Xom chuckles heartily!

########### ##....# #.
#.........#####...... #.
#..#................. #.#
#..#....#.#######.### # ..##
#..##.#.#.# #.# .# ...#
#..##.#.#.# #.# # . .#.#
#..##.#.#.# ##'## ## .#.#.#.#
#.........# ##...## .. #.#.##)#
#...@...### ##.....# .>.#[#.#)[#
#####.#.## ##.......
..#.#[#..#######o...####........
###.#.#.....o....o......'..######
...#..#..########....####..#≈≈≈≈≈
###o.#..## ##.#.## ##.#≈#.#≈
...##...# ##...## #.'.._.≈
###....## #.###.# ###≈#.#≈ ##.#.#
#.# #.# #≈≈≈≈≈


You could see an orc warrior and an orc priest.

Vanquished Creatures
  Pikel (D:4)
  Grinder (D:3)
  Menkaure (D:4)
  An orc warrior (D:6)
  A sky beast (D:5)
  An ogre (D:4)
  2 phantoms
  A centaur (D:6)
  A bullfrog (D:6)
  A scorpion (D:5)
  A crimson imp (D:7)
  A centaur zombie (D:6)
  A hound (D:7)
  An orc wizard (D:5)
  4 orc priests
  2 bullfrog skeletons
  2 iguanas
  Ijyb (D:4)
  Natasha (thrice) (D:3)
  3 worker ants
  3 gnolls (D:6)
  6 adders
  3 worms (D:3)
  2 dart slugs (D:1)
  9 leopard geckos
  13 orcs
  7 giant cockroaches
  9 goblins
  6 hobgoblins
  8 jackals
  5 kobolds (D:2)
  5 quokkas
  10 bats
  10 frilled lizards
  A quokka skeleton (D:3)
  4 rats
  A fungus (D:6)
  2 withered plants (D:2)
134 creatures vanquished.

Notes
Turn   | Place    | Note
-------+----------+-------------------------------------------
     0 | D:1      | twistedcrescendo the Minotaur Chaos Knight began the quest for the Orb.
     0 | D:1      | Reached XP level 1. HP: 19/19 MP: 0/0
   293 | D:1      | Reached XP level 2. HP: 26/27 MP: 1/1
   384 | D:1      | Reached skill level 4 in Axes
   425 | D:1      | XOM: silly message
   841 | D:2      | Reached XP level 3. HP: 33/33 MP: 2/2
  1065 | D:2      | XOM: harmless Summ miscast
  1141 | D:2      | Found a basalt altar of Yredelemnul.
  1278 | D:3      | Noticed Grinder
  1283 | D:3      | Reached XP level 4. HP: 37/41 MP: 3/3
  1293 | D:3      | Killed Grinder
  1293 | D:3      | Reached skill level 5 in Fighting
  1293 | D:3      | Reached skill level 6 in Axes
  1293 | D:3      | Reached XP level 5. HP: 31/48 MP: 4/4
  1293 | D:3      | Reached XP level 6. HP: 36/56 MP: 5/5
  1496 | D:3      | XOM: silly message
  1512 | D:3      | Reached skill level 7 in Axes
  1512 | D:3      | Reached skill level 1 in Throwing
  1638 | D:3      | Found a stormy altar of Qazlal.
  1704 | D:3      | Found an ornate altar of the Wu Jian Council.
  1707 | D:3      | Found a sparkling altar of Nemelex Xobeh.
  1818 | D:3      | Noticed Natasha
  1821 | D:3      | Killed Natasha
  1970 | D:3      | Noticed Natasha
  1980 | D:3      | Killed Natasha
  1980 | D:3      | Reached XP level 7. HP: 46/61 MP: 6/6
  2000 | D:3      | Found an ornate altar of the Wu Jian Council.
  2005 | D:3      | Found a sparkling altar of Nemelex Xobeh.
  2054 | D:3      | Noticed Natasha
  2059 | D:3      | XOM: potion effect (haste)
  2065 | D:3      | Killed Natasha
  2146 | D:4      | XOM: harmless Chrm miscast
  2267 | D:4      | Found a blossoming altar of Fedhas.
  2299 | D:4      | Noticed Ijyb
  2300 | D:4      | Paralysed by Ijyb for 7 turns
  2309 | D:4      | Paralysed by Ijyb for 3 turns
  2314 | D:4      | Killed Ijyb
  2347 | D:4      | Noticed Menkaure
  2347 | D:4      | XOM: harmless Ice miscast
  2363 | D:4      | XOM: potion effect (heal wounds)
  2370 | D:5      | Entered Level 5 of the Dungeon
  2411 | D:5      | XOM: divination: magic mapping
  2722 | D:4      | Killed Menkaure
  2761 | D:4      | Noticed Pikel
  2769 | D:4      | XOM: potion effect (heal wounds)
  2773 | D:4      | Killed Pikel
  2773 | D:4      | Reached skill level 8 in Axes
  2773 | D:4      | Reached XP level 8. HP: 30/70 MP: 7/7
  3395 | D:5      | XOM: divination: magic mapping
  3411 | D:5      | XOM: cloud trail
  3527 | D:5      | Reached skill level 5 in Throwing
  3747 | D:5      | Found a blossoming altar of Fedhas.
  3940 | D:5      | Reached skill level 9 in Axes
  3967 | D:5      | XOM: harmless Tmut miscast
  3990 | D:5      | XOM: divination: detect items
  4173 | D:5      | XOM is BORED!
  4173 | D:5      | XOM: noise
  4258 | D:5      | XOM: divination: detect items
  4369 | D:5      | XOM: divination: detect creatures
  4411 | D:6      | XOM: summons 4 hostile demons
  4457 | D:6      | XOM: mild Tmut miscast
  4459 | D:6      | XOM: mild Conj miscast
  4824 | D:6      | Found a sacrificial altar of Ru.
  4891 | D:6      | XOM: silly message
  4939 | D:6      | XOM is BORED!
  4939 | D:6      | XOM: medium Conj miscast
  5144 | D:6      | XOM: cloud trail
  5399 | D:6      | Reached XP level 9. HP: 25/78 MP: 4/8
  5493 | D:6      | XOM: silly message
  5714 | D:6      | XOM: harmless Chrm miscast
  5970 | D:6      | XOM: harmless Hex miscast
  6062 | D:7      | XOM: smoke on damage
  6083 | D:7      | XOM: divination: detect creatures
  6607 | D:7      | XOM is BORED!
  6607 | D:7      | XOM: mild Necr miscast
  6727 | D:7      | Found a deep blue altar of Sif Muna.
  6854 | D:7      | Found a shattered altar of Ashenzari.
  6909 | D:7      | Found a staircase to the Ecumenical Temple.
  6936 | D:7      | Gained mutation: You occasionally shout uncontrollably at your foes. [potion of mutation]
  6936 | D:7      | Gained mutation: Your mind is acute. (Int +2) [potion of mutation]
  6936 | D:7      | Gained mutation: You possess an exceptional clarity of mind. [potion of mutation]
  6940 | D:7      | Killed from afar by an orc priest

Skill      XL: |  1  2  3  4  5  6  7  8 |
---------------+-------------------------+-----
Fighting       | 4 5 6 |  6.5
Axes           | 4 6 7 8 9 |  9.6
Armour         | 3 4 |  4.8
Dodging        | 2 3 |  3.5
Throwing       | 1 4 6 |  6.2
Stealth        | |  0.7
Evocations     | |  0.3

Action                   |  1- 3 |  4- 6 |  7- 9 || total
-------------------------+-------+-------+-------++-------
Melee: Hand axe          |    90 |    56 |       ||   146
       Headbutt          |    11 |     8 |    28 ||    47
       War axe           |       |    11 |   175 ||   186
Throw: Javelin           |       |    27 |    41 ||    68
       Tomahawk          |       |       |     4 ||     4
       Throwing net      |       |       |     1 ||     1
Evoke: Wand              |       |       |     2 ||     2
  Use: Scroll            |     2 |     4 |     3 ||     9
       Potion            |       |       |     8 ||     8
 Stab: Confused          |       |     1 |       ||     1
  Eat: Chunk             |     1 |     3 |     1 ||     5
       Ration            |       |       |     4 ||     4
Armor: Leather armour    |    26 |    25 |    39 ||    90
Dodge: Dodged            |    41 |    35 |    67 ||   143
